cohdb
Replays
Latest Replays
All Replays
Popular Replays
Top Player Replays
Match Explorer
How It Works
Community
CoH3 Stats
Reddit
Sign in to upload your games and track your stats! →
Sign in with Steam
Match 40640108
Unlisted
Match 40640108
Overview
Messages
Build Orders
End
Kettenkrad Recon Vehicle
Selects Mechanized Battlegroup
Construct Infanterie Kompanie
MG 42 Machine Gun Team
Grenadier Squad
MG 42 Bunker
Construct Luftwaffe Kompanie
221 Scout Car
Selects Raid Package
Selects Mobile Repair Stations
Selects Raid Package
221 Scout Car
Medical Station
Luftwaffe Officer Quarters
221 Scout Car
Selects StuG Assault Group
StuG Assault Group
AI Takeover
FractalPolarity
㉿ | Archangel Uriel
Lort
duoduoluary
MadCrown
Spriggan
BooralKing
adam051021
0
0
Comments
sign in to comment!
No comments posted yet!